Description

Disruptor transition into skytoss.

VOD

https://youtu.be/6kXqYgplAOg?t=2231

Replay - PvZ ViBE Disruptor into Skytoss

Build Order

Get SALT Encoding   

  14  0:20  Pylon  
  15  0:40  Gateway  
  16  0:48  Assimilator  
  20  1:25  Nexus  
  20  1:35  Cybernetics Core  
  20  1:46  Assimilator  
  21  1:48  Pylon  
  22  2:04  Stalker  
  23  2:14  Warp Gate  
  27  2:38  Sentry  
  31  2:47  Gateway  
  31  2:49  Shield Battery  
  32  2:52  Robotics Facility  
  36  3:06  Assimilator x2  
  36  3:07  Sentry  
  41  3:29  Pylon  
  42  3:35  Sentry  
  46  3:45  Pylon  
  46  3:48  Sentry  
  49  3:52  Pylon  
  51  4:05  Observer, Robotics Bay  
  53  4:17  Nexus  
  53  4:24  Stalker x2  Keep producing
  57  4:40  Gateway x3  
  58  4:52  Disruptor  Keep producing
  68  5:09  Assimilator x2  
  90  5:57  Stargate  
  101  6:28  Nexus  
  101  6:42  Fleet Beacon  
  101  6:44  Stargate x3  
  112  7:06  Protoss Air Weapons Level 1  
  115  7:20  Twilight Council  
  115  7:22  Forge  
  115  7:24  Carrier x3  Keep producing
  137  7:48  Assimilator x2  
  140  7:57  Gateway x3  
  150  8:13  Charge  
  150  8:35  Protoss Shields Level 1  
  150  8:51  Mothership  
  158  8:58  Protoss Air Weapons Level 2  
  161  9:03  Carrier  
  185  9:52  Nexus  
Spawning Tool Build Advisor. Get it on Overwolf

Go to:

Details

  • Created by: Maxgy   
  • Published on: Jul 24, 2020
  • Modified on: Aug 08, 2020
  • Patch: 4.11.0
  • Difficulty: Medium
Show
View Real Time Build Order
Export as new Build Order

Comments (0)

There are no comments. Be the first!

Create an account to comment!